 Dungeon Crawl Stone Soup version 0.30-a0-279-g4b46babb21 (webtiles) character file.

Game seed: 12462036874897952978

172 Bnni the Slasher (level 5, -7/41 HPs)
             Began as a Demonspawn Warper on Oct 16, 2022.
             Killed by divine providence
             ... invoked by an orc priest
              (10 damage)
             ... on level 3 of the Dungeon.
             The game lasted 00:05:56 (2417 turns).

Bnni the Slasher (Demonspawn Warper)                Turns: 2417, Time: 00:05:57

Health: -7/41      AC:  6    Str: 10 (12) XL:     5   Next: 27%
Magic:  2/2        EV: 10    Int: 12 (14) God:
Gold:   65         SH:  0    Dex: 12 (14) Spells: 6/8 levels left

rFire   . . .      SeeInvis .    o - +5 dagger of the Skies Above {antimagic, Fly Stlth+}
rCold   . . .      Faith    .    (no shield)
rNeg    . . .      Spirit   .    f - +0 ring mail
rPois   .          Reflect  .    (no helmet)
rElec   .          Harm     .    p - +0 cloak
rCorr   .          Rampage  .    (no gloves)
Will    .....                    (no boots)
Stlth   ++........               (no amulet)
HPRegen 0.26/turn                (no ring)
MPRegen 0.16/turn                (no ring)

@: flying
A: hooves 2, magic regeneration
a: no special abilities


You were on level 3 of the Dungeon.
You visited 1 branch of the dungeon, and saw 3 of its levels.

You collected 65 gold pieces.

Inventory:

Hand Weapons
 a - a +0 falchion
 o - the +5 dagger of the Skies Above (weapon) {antimagic, Fly Stlth+}
   (You found it on level 2 of the Dungeon)

   It reduces the magical energy of the wielder, and disrupts the spells and
   magical abilities of those it strikes.
   Natural abilities and divine invocations are not affected.
   Fly:       It grants you flight.
   Stlth:     It makes you more stealthy.
Missiles
 d - 2 boomerangs of dispersal (quivered)
 i - 5 curare-tipped darts
Armour
 f - a +0 ring mail (worn)
 p - a +0 cloak (worn)
Scrolls
 c - 2 scrolls of blinking
 g - 3 scrolls of identify {unknown}
 k - 2 scrolls of immolation {unknown}
 m - a scroll of enchant weapon {unknown}
 n - a scroll of amnesia {unknown}
Potions
 b - 3 potions of lignification {unknown}
 e - a potion of berserk rage {unknown}
 h - 2 potions of degeneration
 j - a potion of curing {unknown}
 l - a potion of magic {unknown}
 q - a potion of experience {unknown}
 r - 2 potions of brilliance {unknown}


   Skills:
 + Level 3.5 Fighting
 * Level 4.2 Long Blades
 - Level 0.8 Throwing
 - Level 0.8 Armour
 - Level 1.7 Dodging
 - Level 2.0 Spellcasting
 - Level 2.6 Translocations


You had 6 spell levels left.
You knew the following spells:

 Your Spells              Type           Power      Damage    Failure   Level
b - Blink                 Tloc           14%        N/A       34%         2

Your spell library contained the following spells:

 Spells                   Type           Power      Damage    Failure   Level
 Beastly Appendage        Tmut           2%         N/A       56%         1
 Shock                    Conj/Air       4%         1d3       56%         1
 Summon Small Mammal      Summ           4%         N/A       56%         1
 Lesser Beckoning         Tloc           14%        N/A       56%         3
 Teleport Other           Tloc           7%         N/A       56%         3
 Wereblood                Tmut           1%         N/A       71%         2
 Portal Projectile        Hex/Tloc       8%         N/A       77%         3
 Vhi's Electric Charge    Tloc/Air       8%         N/A       77%         3
 Call Canine Familiar     Summ           1%         N/A       91%         3
 Spider Form              Tmut/Pois      1%         N/A       91%         3
 Summon Guardian Golem    Hex/Summ       1%         N/A       91%         3
 Swiftness                Air            1%         N/A       91%         3
 Manifold Assault         Tloc           7%         N/A       93%         4
 Airstrike                Air            0%         2d(1-17)  100%        4
 Leda's Liquefaction      Hex/Erth       0%         N/A       100%        4


Dungeon Overview and Level Annotations

Branches:
Dungeon (3/15)

Altars:

Annotations:
D:3 Sigmund


Innate Abilities, Weirdness & Mutations

You have hoof-like feet.
You regenerate magic rapidly.


Message History

The orc is heavily wounded.
You puncture the orc!
You kill the orc!
The orc hits you with a +0 flail.
The orc priest looks encouraged for a moment.
You hit the orc.
The orc is heavily wounded.
The orc hits you but does no damage. The orc priest closely misses you.
You barely miss the orc.
The orc is heavily wounded.
The orc hits you with a +0 flail!
The orc priest looks encouraged for a moment.
You are too injured to fight recklessly!
You hit the orc.
You kill the orc!
The orc priest barely misses you. The orc priest misses you.
You hit the orc priest. You kick the orc priest.
The orc priest is moderately wounded.
Sigmund the Dreaded comes into view.
He is wielding a +2 scythe of flaming and carrying a wand of flame (18).
The orc priest closely misses you.
Sigmund shouts!
You hit the orc priest. You kick the orc priest.
The orc priest is almost dead.
The orc priest hits you with a +2 trident of flaming!
* * * LOW HITPOINT WARNING * * *
The orc priest burns you.
* * * LOW HITPOINT WARNING * * *
Okay, then.
You closely miss the orc priest.
The orc priest is almost dead.
The orc priest mumbles some strange prayers to Beogh against you.
Pain shoots through your body!
* * * LOW HITPOINT WARNING * * *
It was a potion of degeneration.
There was something very wrong with that liquid.
You feel weakened.
You feel dopey.
You feel clumsy.
The orc priest calls down the wrath of Beogh upon you.
Beogh smites you!
You die...

#.#.#
#....#.#)#
#....#.#.#
#....#.#.#
#....#.#..
.###....#.#..
........#.#..
#.@....)#.#...
#..o@).#
#....).#
..........#
######.##.#
... #.# ####
#.. ####


You could see Sigmund and an orc priest.

Vanquished Creatures
  Crazy Yiuf (D:2)
  2 adders
  4 gnolls (D:2)
  A dart slug (D:1)
  3 worms (D:2)
  9 orcs (D:3)
  5 endoplasms
  4 giant cockroaches
  2 goblins (D:1)
  4 hobgoblins
  A jackal (D:1)
  3 quokkas (D:1)
  9 ball pythons
  A bat (D:1)
  4 frilled lizards
  5 kobolds (D:1)
  8 rats
66 creatures vanquished.

Vanquished Creatures (others)
  5 plants (D:2)
5 creatures vanquished.

Grand Total: 71 creatures vanquished

Notes
Turn   | Place    | Note
-------+----------+-------------------------------------------
     0 | D:1      | Bnni the Demonspawn Warper began the quest for the Orb.
     0 | D:1      | Reached XP level 1. HP: 16/16 MP: 3/3
   211 | D:1      | Reached skill level 2 in Long Blades
   274 | D:1      | Gained mutation: You have large cloven feet. [demonic
                  | ancestry]
   274 | D:1      | Reached XP level 2. HP: 18/22 MP: 5/5
   323 | D:1      | Learned a level 2 spell: Blink
   803 | D:1      | Gained mutation: You have hoof-like feet. [demonic
                  | ancestry]
   803 | D:1      | Reached XP level 3. HP: 24/28 MP: 6/6
  1116 | D:2      | Reached skill level 3 in Long Blades
  1121 | D:2      | Identified the +5 dagger of the Skies Above {antimagic, Fly
                  | Stlth+}
  1241 | D:2      | Reached XP level 4. HP: 14/34 MP: 2/7
  1559 | D:2      | Found a runed translucent door.
  1560 | D:2      | Noticed Crazy Yiuf
  1585 | D:2      | Killed Crazy Yiuf
  1695 | D:2      | Reached skill level 4 in Long Blades
  1857 | D:2      | Gained mutation: You regenerate magic rapidly. [demonic
                  | ancestry]
  1857 | D:2      | Reached XP level 5. HP: 40/41 MP: 2/8
  2414 | D:3      | Noticed Sigmund
  2417 | D:3      | Killed from afar by an orc priest

Illustrated notes

Levels and vault maps discovered:
D:1:      lemuel_arrival_muddy, layout_basic, minmay_bisected
D:2:      cheibrodos_old_hovel, layout_loops_ring, uniq_crazy_yiuf_cottage
D:3:      layout_basic, shapermc_ecumenical_altar_mp_vishouse, uniq_jessica,
          uniq_sigmund

Skill      XL: |  1  2  3  4 |
---------------+-------------+-----
Long Blades    | 2 3 4 |  4.2
Fighting       | 3 |  3.5
Throwing       | |  0.8
Armour         | |  0.8
Dodging        | |  1.7
Spellcasting   | |  2.0
Translocations | |  2.6

Action                   |  1- 3 |  4- 6 || total
-------------------------+-------+-------++-------
Melee: Falchion          |    88 |       ||    88
       Kick              |    18 |    27 ||    45
       Dagger            |    20 |    88 ||   108
Throw: Boomerang         |       |     5 ||     5
       Dart              |       |     3 ||     3
  Use: Potion            |       |     1 ||     1
 Stab: Sleeping          |       |     2 ||     2
Armor: Ring mail         |    39 |    22 ||    61
Dodge: Dodged            |    64 |    28 ||    92

Table legend: (Time is in decaauts)
 A = Elapsed time spent in this place.
 B = Non-inter-level travel time spent in this place.
 C = Inter-level travel time spent in this place.
 D = Time resting spent in this place.
 E = Time spent auto-exploring this place.
 F = Levels seen in this place.
 G = Mean time per level.
                   A        B        C        D        E       F      G
               +--------+--------+--------+--------+--------+-----+--------+
         Total |   2422 |   2353 |     69 |    142 |   1707 |   3 |  807.3 |
       Dungeon |   2422 |   2353 |     69 |    142 |   1707 |   3 |  807.3 |
               +--------+--------+--------+--------+--------+-----+--------+

Top non-repeatable levels by time:
     D:1: 1045 daAuts
     D:2: 1014 daAuts
     D:3: 362 daAuts
